 Dungeon Crawl Stone Soup version 0.31-a0-662-g684573625c (webtiles) character file.

Game seed: 9864095842346531765

8266 AdnanSaban the Basher (level 11, -11/67 HPs)
             Began as a Gargoyle Fighter on Sept 1, 2023.
             Was an Elder of Okawaru.
             Mangled by a very large slime creature (22 damage)
             ... on level 13 of the Dungeon.
             The game lasted 00:19:36 (11946 turns).

AdnanSaban the Basher (Gargoyle Fighter)           Turns: 11946, Time: 00:19:37

Health: -11/67     AC: 32    Str: 25    XL:     11   Next: 28%
Magic:  13/14      EV: 10    Int:  8    God:    Okawaru [****..]
Gold:   718        SH: 11    Dex:  9    Spells: 10/10 levels left

rFire   . . .        y - +1 whip (elec)
rCold   . . .        N - +0 buckler {AC+3}
rNeg    + . .        I - +0 plate armour
rPois   ∞            (no helmet)
rElec   +            a - +0 cloak
rCorr   .            o - +0 pair of gloves
SInv    .            s - +0 pair of boots
Will    .....        L - amulet of reflection Stlth
                     (no ring)
HPRegen 0.31/turn    (no ring)
MPRegen 0.14/turn

%: reflection
@: heroic
A: sickness immunity, AC +8, negative energy resistance 1, electricity
resistance, torment resistance 1, petrification resistance
a: Renounce Religion, Heroism, Finesse


You were on level 13 of the Dungeon.
You worshipped Okawaru.
Okawaru was greatly pleased with you.
You visited 2 branches of the dungeon, and saw 13 of its levels.
You also visited: Sewer.

You collected 718 gold pieces.

Inventory:

Hand Weapons
 y - a +1 whip of electrocution (weapon)
Missiles
 e - 2 throwing nets
 j - 6 javelins
 r - 13 poisoned darts
 v - 3 curare-tipped darts
 B - 12 boomerangs (quivered)
Armour
 a - a +0 cloak (worn)
 o - a +0 pair of gloves (worn)
 s - a +0 pair of boots (worn)
 I - a +0 plate armour (worn)
 N - a +0 buckler of protection (worn)
Jewellery
 D - a ring of ice
 L - an amulet of reflection (around neck)
Wands
 x - a wand of polymorph (12)
Scrolls
 g - 4 scrolls of vulnerability {unknown}
 k - a scroll of fear {unknown}
 l - 9 scrolls of identify {unknown}
 m - 5 scrolls of teleportation {unknown}
 n - 2 scrolls of revelation {unknown}
 p - 3 scrolls of poison {unknown}
 q - 3 scrolls of enchant armour {unknown}
 C - 2 scrolls of blinking {unknown}
 E - a scroll of enchant weapon {unknown}
 G - a scroll of noise {unknown}
 H - 3 scrolls of silence {unknown}
 J - a scroll of immolation {unknown}
 K - 3 scrolls of brand weapon {unknown}
 M - 3 scrolls of amnesia {unknown}
Potions
 b - 2 potions of berserk rage {unknown}
 d - a potion of might
 f - 2 potions of attraction {unknown}
 h - 2 potions of lignification {unknown}
 i - 3 potions of curing {unknown}
 t - 2 potions of cancellation {unknown}
 u - 2 potions of invisibility {unknown}
 w - 2 potions of heal wounds {unknown}
 z - 2 potions of mutation {unknown}
 A - 3 potions of haste {unknown}
 F - a potion of brilliance {unknown}


   Skills:
 + Level 7.6(12.6) Fighting
 + Level 9.9(14.9) Maces & Flails
 + Level 4.7(9.7) Throwing
 + Level 9.5(14.5) Armour
 + Level 3.2(8.2) Dodging
 + Level 1.6(6.6) Stealth
 + Level 7.1(12.1) Shields
 * Level 4.3 Invocations


You had 10 spell levels left.
You didn't know any spells.
Your spell library contained the following spells:

 Spells                   Type           Power      Damage    Failure   Level
 Apportation              Tloc           0%         N/A       98%         1
 Magic Dart               Conj           0%         1d3       98%         1
 Necrotise                Necr           0%         1d4       98%         1
 Ensorcelled Hibernation  Hex/Ice        0%         N/A       99%         2
 Wereblood                Tmut           0%         N/A       99%         2
 Mephitic Cloud           Conj/Pois/Air  0%         N/A       100%        3
 Anguish                  Hex/Necr       0%         N/A       100%        4
 Irradiate                Conj/Tmut      0%         3d11      100%        5
 Summon Small Mammal      Summ           Unusable   N/A       N/A         1
 Call Imp                 Summ           Unusable   N/A       N/A         2

Dungeon Overview and Level Annotations

Branches:
Dungeon (11/15)            Temple (1/1) D:6            Lair (0/5) D:9
    Orc (0/2) D:9           Sewer (visited)

Altars:
Ashenzari
Cheibriados
Dithmenos
Elyvilon
Fedhas
Gozag
Hepliaklqana
Kikubaaqudgha
Makhleb
Nemelex Xobeh
Okawaru
Qazlal
Ru
Sif Muna
Trog
Uskayaw
Vehumet
Xom
Yredelemnul
Zin
The Shining One

Shops:
D:6 ?   D:10 *

Annotations:
D:7 Jeremiah
D:11 2 transporters, ouz's ghost, journeyman VSBr


Innate Abilities, Weirdness & Mutations

You are immune to sickness and miasma.
Your stone body is resilient. (AC +8)
You are immune to poison.
You resist negative energy. (rN+)
You are resistant to electric shocks. (rElec)
You are resistant to unholy torment.
You are immune to petrification.


Message History

The slime creature is almost dead.
You whack the slime creature!
You kill the slime creature!
Okawaru accepts your kill. 3 slime creatures come into view.
The slime creature quivers. x3
Two slime creatures merge to form a large slime creature.
You throw a boomerang. The boomerang hits the slime creature!
The slime creature is moderately wounded.
You throw a boomerang. The boomerang hits the slime creature!
The slime creature is moderately wounded.
The slime creature hits you but does no damage.
The slime creature hits you but does no damage.
The slime creature hits you.
You gain the combat prowess of a mighty hero.
Two slime creatures merge to form a large slime creature.
You hit the large slime creature.
Lightning courses through the large slime creature!!
The large slime creature is moderately wounded.
You hit the large slime creature.
The large slime creature is moderately wounded.
Two slime creatures merge to form a very large slime creature.
You whack the very large slime creature!
The very large slime creature is moderately wounded.
You hit the very large slime creature.
Lightning courses through the very large slime creature!
The very large slime creature is moderately wounded.
The very large slime creature hits you!!!
Ouch! That really hurt!
You completely miss the very large slime creature.
The very large slime creature is moderately wounded.
You whack the very large slime creature!
The very large slime creature is heavily wounded.
The very large slime creature barely misses you.
The very large slime creature attacks as it pursues you!
The very large slime creature hits you!
* * * LOW HITPOINT WARNING * * *
The very large slime creature attacks as it pursues you!
The very large slime creature hits you!!
You die...

#################
#...........J@..#
#.#############.#
#.# #.# #J# #.#
#.# #.# .....#
#.# ###### #.#
#.# #.#


You could see a very large slime creature.

Vanquished Creatures
  A komodo dragon (D:11)
  3 trolls
  2 hornets
  Grinder (Sewer)
  2 raiju (D:8)
  4 slime creatures
  A shadow (D:11)
  3 wyverns
  11 yaks
  A wraith (D:10)
  A human (D:9)
  A basilisk (D:8)
  2 steam dragons
  A water moccasin (D:5)
  2 orc warriors
  A black bear (D:8)
  2 ice beasts
  A centaur (D:7)
  2 phantoms
  3 kobold brigands
  A gnoll sergeant (D:6)
  A bullfrog (D:6)
  4 wights (D:9)
  12 killer bees
  5 electric eels (D:8)
  3 hounds
  A human zombie (D:9)
  2 orc priests
  3 jellies
  2 quasits (Sewer)
  An iguana (D:4)
  A sleepcap (D:5)
  3 orc wizards
  16 gnolls
  8 adders
  A river rat (D:4)
  3 shadow imps (Sewer)
  A white imp (D:5)
  6 ufetubi
  7 dart slugs
  26 orcs
  A bat zombie (Sewer)
  6 endoplasms
  3 giant cockroaches
  6 goblins
  5 hobgoblins
  7 jackals
  20 kobolds
  4 quokkas
  11 ball pythons
  7 bats
  6 frilled lizards
  2 kobold zombies
  6 rats
236 creatures vanquished.

Vanquished Creatures (others)
  2 orcs (D:7)
  A bat zombie (Sewer)
3 creatures vanquished.

Grand Total: 239 creatures vanquished

Notes
Turn   | Place    | Note
-------+----------+-------------------------------------------
     0 | D:1      | AdnanSaban the Gargoyle Fighter began the quest for the
                  | Orb.
     0 | D:1      | Reached XP level 1. HP: 14/14 MP: 1/1
   268 | D:1      | Reached XP level 2. HP: 19/19 MP: 2/2
   909 | D:2      | Reached XP level 3. HP: 19/23 MP: 3/3
  1389 | D:2      | Reached XP level 4. HP: 25/29 MP: 4/4
  2046 | D:3      | Found a bloodstained altar of Trog.
  2046 | D:3      | Found a shadowy altar of Dithmenos.
  2051 | D:3      | Found a shimmering altar of Xom.
  2194 | D:3      | Found a sacrificial altar of Ru.
  2692 | D:3      | Reached XP level 5. HP: 30/33 MP: 5/5
  2882 | D:4      | Identified the +5 spear of Feilebb {freeze, *Corrode Will+
                  | Str+9 SInv}
  2954 | D:4      | Found a glowing drain.
  3001 | Sewer    | Entered a sewer
  3052 | Sewer    | Reached skill level 1 in Dodging
  3148 | Sewer    | Found a burning altar of Makhleb.
  3167 | Sewer    | Reached XP level 6. HP: 35/38 MP: 6/6
  3421 | Sewer    | Noticed Grinder
  3442 | Sewer    | Killed Grinder
  3443 | Sewer    | Reached skill level 5 in Maces & Flails
  3443 | Sewer    | Reached XP level 7. HP: 44/44 MP: 7/7
  4171 | D:4      | Found an opulent altar of Gozag.
  4321 | D:5      | Entered Level 5 of the Dungeon
  4864 | D:5      | Reached skill level 5 in Shields
  4972 | D:5      | Reached skill level 5 in Fighting
  4972 | D:5      | Reached skill level 5 in Armour
  4972 | D:5      | Reached XP level 8. HP: 35/49 MP: 8/8
  5783 | D:6      | Found Esach's Magic Scroll Shoppe.
  6516 | D:6      | Found a staircase to the Ecumenical Temple.
  6522 | Temple   | Entered the Ecumenical Temple
  6537 | Temple   | Became a worshipper of Warmaster Okawaru
  6726 | D:7      | Noticed a hornet
  6742 | D:6      | Killed a hornet
  6831 | D:6      | Reached XP level 9. HP: 18/55 MP: 9/9
  6983 | D:6      | Reached skill level 1 in Stealth
  7067 | D:7      | Noticed a troll
  7077 | D:8      | Found a snail-covered altar of Cheibriados.
  7411 | D:8      | Reached * piety under Okawaru
  7742 | D:7      | Found a glowing silver altar of Zin.
  7803 | D:7      | Killed a troll
  7985 | D:7      | Found a hide-covered altar of Uskayaw.
  8152 | D:7      | Noticed Jeremiah
  8397 | D:8      | Reached ** piety under Okawaru
  8664 | D:8      | Reached skill level 1 in Throwing
  8818 | D:8      | Reached XP level 10. HP: 41/61 MP: 10/10
  9095 | D:9      | Found a runed translucent door.
  9099 | D:9      | Found a basalt altar of Yredelemnul.
  9501 | D:9      | Reached *** piety under Okawaru
  9728 | D:9      | Found a staircase to the Lair.
  9815 | D:9      | Reached skill level 1 in Invocations
  9997 | D:9      | Found a staircase to the Orcish Mines.
 10044 | D:9      | Received a gift from Okawaru
 10138 | D:10     | Entered Level 10 of the Dungeon
 10585 | D:10     | Reached **** piety under Okawaru
 10720 | D:10     | Reached XP level 11. HP: 65/67 MP: 13/13
 11231 | D:10     | Found Vuste's Assorted Antiques.
 11805 | D:11     | Found a transporter.
 11813 | D:11     | Noticed ouz's ghost (journeyman VSBr)
 11836 | D:11     | Found a transporter.
 11838 | D:11     | Noticed an ice dragon
 11863 | D:11     | You fall into a shaft and drop 2 floors!
 11946 | D:13     | Mangled by a very large slime creature

Illustrated notes

Levels and vault maps discovered:
D:1:      dpeg_arrival_erosion, layout_basic, minivault_26,
          minmay_misc_feat_enclosed, minmay_misc_feat_secret_circle
D:2:      layout_loops_corners, minmay_strange_pillars,
          minmay_misc_feat_columns, chequers_serial_rivers_micro_c
D:3:      layout_basic, mainiacjoe_overflow_concentric_impassable, minitemple,
          kennysheep_nondescript, kennysheep_generic_room_3
D:4:      layout_loops_ring, marbit_many_paths, gup_sewer_entry_bowl
D:5:      layout_loops_ring, nicolae_letterblocks [nicolae_letter_subblock,
          nicolae_letter_subblock, nicolae_letter_subblock,
          nicolae_letter_subblock, nicolae_letter_subblock,
          nicolae_letter_subblock, nicolae_letter_subblock,
          nicolae_letter_subblock, nicolae_letter_subblock,
          nicolae_letter_subblock, nicolae_letter_subblock,
          nicolae_letter_subblock, nicolae_letter_subblock,
          nicolae_letter_subblock, nicolae_letter_subblock,
          nicolae_letter_subblock, nicolae_letter_subblock,
          nicolae_letter_subblock, nicolae_letter_subblock,
          nicolae_letter_subblock, nicolae_letter_subblock,
          nicolae_letter_subblock, nicolae_letter_subblock,
          nicolae_letter_subblock, nicolae_letter_subblock]
D:6:      layout_basic, minmay_temple_entry_fiery, serial_shops, shop
D:7:      layout_cave_pools, nicolae_wu_jian_immortal_techniques,
          eat_drink_and_be_merry_uskayaw, mainiacjoe_overflow_brackets,
          uniq_jeremiah
D:8:      layout_cave_pools, mainiacjoe_overflow_paths,
          nicolae_have_a_lightning_rod
D:9:      layout_rooms, dk_yredelemnul_ordeal, david_lair_generic, orc_0_dummy
D:10:     layout_loops_ring, serial_shops, nicolae_square_shop,
          kennysheep_path_1
D:11:     layout_loops_ring, gammafunk_ghost_berserking_beasts
D:13:     layout_basic, elyvilon_altar_5
Temple:   hellmonk_temple_forest_ring

Skill      XL: |  1  2  3  4  5  6  7  8  9 10 11 |
---------------+----------------------------------+-----
Maces & Flails | 3 4 5 6 7 8 9 |  9.9
Shields        | 4 5 6 7 |  7.1
Fighting       | 4 5 6 7 |  7.6
Armour         | 4 5 6 8 9 |  9.5
Dodging        | 1 2 3 |  3.2
Stealth        | 1 |  1.6
Throwing       | 2 4 |  4.7
Invocations    | 3 4 |  4.3

Action                     |  1- 3 |  4- 6 |  7- 9 | 10-12 || total
---------------------------+-------+-------+-------+-------++-------
  Melee: Flail             |    97 |   237 |    64 |       ||   398
         Whip              |       |       |   441 |   378 ||   819
  Throw: Boomerang         |       |       |    74 |     9 ||    83
         Dart              |       |       |     8 |       ||     8
 Invoke: Heroism           |       |       |     1 |     3 ||     4
 Armour: Scale mail        |    72 |   224 |   205 |       ||   501
         Skin              |       |     8 |       |       ||     8
         Plate armour      |       |       |   277 |   264 ||   541
  Dodge: Dodged            |    52 |   169 |   203 |    85 ||   509
  Block: Buckler           |    31 |    84 |    90 |    75 ||   280

Table legend: (Time is in decaauts)
 A = Elapsed time spent in this place.
 B = Non-inter-level travel time spent in this place.
 C = Inter-level travel time spent in this place.
 D = Time resting spent in this place.
 E = Time spent auto-exploring this place.
 F = Levels seen in this place.
 G = Mean time per level.
                   A        B        C        D        E       F      G
               +--------+--------+--------+--------+--------+-----+--------+
         Total |  11866 |  11333 |    533 |   1980 |   6952 |  14 |  847.6 |
       Dungeon |  11247 |  10740 |    507 |   1899 |   6724 |  12 |  937.2 |
        Temple |     29 |      3 |     26 |      0 |      0 |   1 |   29.0 |
         Sewer |    588 |    588 |      0 |     81 |    227 |   1 |  588.0 |
               +--------+--------+--------+--------+--------+-----+--------+

Top non-repeatable levels by time:
     D:8: 1919 daAuts
     D:6: 1344 daAuts
     D:5: 1316 daAuts
    D:10: 1267 daAuts
     D:2: 1018 daAuts
     D:3: 979 daAuts
     D:4: 929 daAuts
     D:1: 914 daAuts
     D:9: 743 daAuts
   Sewer: 588 daAuts
     D:7: 525 daAuts
    D:11: 213 daAuts
    D:13: 75 daAuts
  Temple: 29 daAuts
